 Dungeon Crawl Stone Soup version 0.30-a0-177-g1cb5dbfd7a (webtiles) character file.

Game seed: 9773914957578132903

1336 KennySheep the Covert (level 8, 0/48 HPs)
             Began as a Vampire Delver on Oct 3, 2022.
             Was a Follower of Fedhas.
             Slain by a centaur
             ... wielding a +0 hand axe
              (8 damage)
             ... on level 5 of the Dungeon.
             The game lasted 00:17:31 (4155 turns).

KennySheep the Covert (Vampire Delver)              Turns: 4155, Time: 00:17:32

Health: 0/48       AC:  3    Str: 11    XL:     8   Next: 35%
Magic:  9/9        EV: 13    Int: 13    God:    Fedhas [*.....]
Gold:   352        SH:  0    Dex: 17    Spells: 4/7 levels left

rFire   . . .      SeeInvis +    a - +4 dagger (elec)
rCold   + + .      Faith    .    (no shield)
rNeg    + + +      Spirit   .    b - +0 leather armour
rPois   ∞          Reflect  .    (no helmet)
rElec   .          Harm     .    (no cloak)
rCorr   .          Rampage  .    (no gloves)
Will    .....                    (no boots)
Stlth   ++++++....               (no amulet)
HPRegen 0.00/turn                (no ring)
MPRegen 0.11/turn                (no ring)

@: bloodless, inhibited regen
A: bloodless, fangs 3, see invisible, vampiric 2
a: Bat Form, Revivify, Renounce Religion


You were on level 5 of the Dungeon.
You worshipped Fedhas.
Fedhas was aware of your devotion.
You visited 1 branch of the dungeon, and saw 5 of its levels.

You collected 352 gold pieces.

Inventory:

Hand Weapons
 a - a +4 dagger of electrocution (weapon)
 l - a +0 short sword
Missiles
 h - 3 curare-tipped darts (quivered)
Armour
 b - a +0 leather armour (worn)
Wands
 g - a wand of digging (3)
 r - a wand of mindburst (12)
Scrolls
 c - a scroll of fog
 d - 2 scrolls of magic mapping
 e - a scroll of fear
 j - a scroll of identify
 n - a scroll of enchant armour
 o - a scroll of teleportation
 p - a scroll of amnesia
 s - 2 scrolls of blinking {unknown}
 v - a scroll of immolation
Potions
 f - 2 potions of haste
 i - 2 potions of mutation
 k - a potion of degeneration {unknown}
 m - a potion of attraction {unknown}
 q - a potion of berserk rage {unknown}
 t - a potion of heal wounds {unknown}
 u - 2 potions of flight


   Skills:
 + Level 4.2 Fighting
 * Level 6.1 Short Blades
 + Level 4.5 Dodging
 * Level 10.3 Stealth
 * Level 6.2 Hexes
 + Level 1.9 Invocations


You had 4 spell levels left.
You knew the following spells:

 Your Spells              Type           Power      Damage    Failure   Level
a - Confusing Touch       Hex            16%        N/A       10%         3

Your spell library contained the following spells:

 Spells                   Type           Power      Damage    Failure   Level
 Beastly Appendage        Tmut           0%         N/A       38%         1
 Kiss of Death            Conj/Necr      0%         2d5       38%         1
 Magic Dart               Conj           0%         1d3       38%         1
 Call Imp                 Summ           0%         N/A       52%         2
 Sublimation of Blood     Necr           0%         N/A       52%         2
 Wereblood                Tmut           0%         N/A       52%         2
 Mephitic Cloud           Conj/Pois/Air  0%         N/A       77%         3
 Spider Form              Tmut/Pois      0%         N/A       77%         3
 Dispel Undead            Necr           0%         3d6       99%         4
 Petrify                  Tmut/Erth      0%         N/A       99%         4
 Irradiate                Conj/Tmut      0%         3d11      100%        5


Dungeon Overview and Level Annotations

Branches:
Dungeon (5/15)
 Temple: D:4-7

Altars:
Fedhas
Makhleb
Okawaru
Xom

Annotations:
D:4 exclusion: phantom


Innate Abilities, Weirdness & Mutations

You do not regenerate when monsters are visible.
You are frail without blood (-20% HP).
You can heal yourself when you bite living creatures.
You are immune to poison.
You have razor-sharp teeth.
You have supernaturally acute eyesight. (SInv)
You are afflicted with vampirism and can become a bat while bloodless.


Message History

The orc wizard shouts!
You hit the orc wizard.
The orc wizard is lightly wounded.
The orc wizard hits you with a +0 dagger.
You hit the orc wizard. Your bite misses the orc wizard.
The orc wizard is moderately wounded.
A centaur comes into view. It is wielding a +0 hand axe.
You hit the orc wizard.
Lightning courses through the orc wizard!
You kill the orc wizard!
Fedhas appreciates your contribution to the ecosystem.
The centaur unwields a +0 hand axe.
The centaur wields a +0 shortbow.
The centaur shoots an arrow.
The arrow hits you!
The centaur shoots an arrow.
The arrow hits you!
Things that are here:
a +0 dagger; a +0 robe; an orc corpse You start resting.
A centaur is nearby!
You hit the centaur.
The centaur is lightly wounded.
The centaur unwields a +0 shortbow.
The centaur wields a +0 hand axe.
The centaur hits you with a +0 hand axe.
* * * LOW HITPOINT WARNING * * *
The centaur kicks you.
* * * LOW HITPOINT WARNING * * *
You hit the centaur but do no damage.
The centaur is lightly wounded.
The centaur hits you with a +0 hand axe.
* * * LOW HITPOINT WARNING * * *
The centaur closely misses you.
Okay, then.
You hit the centaur.
The centaur is lightly wounded.
The centaur hits you with a +0 hand axe!
* * * LOW HITPOINT WARNING * * *
The centaur kicks you but does no damage.
You feel better. The centaur barely misses you. x2
The centaur hits you with a +0 hand axe!
You die...
Fedhas appreciates your contribution to the ecosystem.

........<)#####.#
##.....####......
##..... #.#####
.....## ####..##
..#..# #.#..#
####.#).#
#..).@c.#
.....##.##.# ####
#†# .#
#######.##.# .#
...........# #.#
#######.#### #.#
#.# #.#
########>#
#####.#
#........#
#...#.#


You could see a centaur.

Vanquished Creatures
  Grinder (D:4)
  Prince Ribbit (D:5)
  Menkaure (D:4)
  An ogre (D:3)
  A phantom (D:4)
  A scorpion (D:5)
  A gnoll bouda (D:4)
  3 orc priests (D:5)
  Jessica (D:3)
  4 orc wizards
  Natasha (thrice) (D:2)
  3 iguanas
  5 gnolls
  10 adders
  4 dart slugs
  13 orcs
  5 endoplasms
  6 giant cockroaches
  6 goblins
  5 hobgoblins
  4 jackals (D:1)
  3 quokkas
  5 ball pythons
  4 bats
  A frilled lizard (D:2)
  8 kobolds
  8 rats
108 creatures vanquished.

Vanquished Creatures (others)
  2 plants (D:4)
2 creatures vanquished.

Grand Total: 110 creatures vanquished

Notes
Turn   | Place    | Note
-------+----------+-------------------------------------------
     0 | D:5      | KennySheep the Vampire Delver began the quest for the Orb.
     0 | D:5      | Reached XP level 1. HP: 17/17 MP: 1/1
    79 | D:5      | Reached XP level 2. HP: 23/23 MP: 2/2
   119 | D:5      | Noticed a scorpion
   132 | D:4      | Noticed a phantom
   297 | D:2      | Noticed Natasha
   299 | D:2      | Killed Natasha
   300 | D:2      | Gained mutation: You are afflicted with vampirism and can
                  | become a bat while bloodless. [Vampire growth]
   300 | D:2      | Reached XP level 3. HP: 29/29 MP: 3/3
   312 | D:2      | Reached skill level 8 in Stealth
   655 | D:1      | Reached XP level 4. HP: 11/28 MP: 4/4
  1226 | D:1      | Learned a level 3 spell: Confusing Touch
  1457 | D:2      | Reached skill level 1 in Hexes
  1503 | D:2      | Found a faded altar of an unknown god.
  1516 | D:2      | Reached XP level 5. HP: 32/32 MP: 5/5
  1534 | D:2      | Noticed Natasha
  1542 | D:2      | Killed Natasha
  1633 | D:2      | Noticed Natasha
  1641 | D:2      | Killed Natasha
  1902 | D:3      | Noticed an ogre
  1993 | D:3      | Reached XP level 6. HP: 37/37 MP: 6/6
  2039 | D:3      | Found an iron altar of Okawaru.
  2044 | D:3      | Identified the +1 falchion of Teolepny {holy, *Noise rF+
                  | Int+4}
  2147 | D:4      | Found a blossoming altar of Fedhas.
  2158 | D:4      | Became a worshipper of Fedhas Madash
  2507 | D:3      | Noticed Jessica
  2517 | D:3      | Killed Jessica
  2578 | D:3      | Found a burning altar of Makhleb.
  2655 | D:3      | Found a shimmering altar of Xom.
  2969 | D:4      | Noticed Grinder
  2973 | D:4      | Killed Grinder
  2974 | D:4      | Reached skill level 5 in Short Blades
  2974 | D:4      | Reached skill level 9 in Stealth
  2974 | D:4      | Reached XP level 7. HP: 42/42 MP: 7/7
  3030 | D:4      | Noticed Menkaure
  3039 | D:4      | Killed Menkaure
  3040 | D:4      | Reached skill level 5 in Hexes
  3040 | D:4      | Reached skill level 1 in Invocations
  3698 | D:5      | Noticed Prince Ribbit
  3705 | D:5      | Killed Prince Ribbit
  3706 | D:5      | Reached skill level 10 in Stealth
  3706 | D:5      | Reached XP level 8. HP: 38/48 MP: 7/9
  3940 | D:5      | Reached * piety under Fedhas
  4154 | D:5      | HP: 1/48 [centaur/+0 hand axe (8)]
  4155 | D:5      | Slain by a centaur

Illustrated notes

Levels and vault maps discovered:
D:1:      dpeg_arrival_water_temple_mockup, layout_basic,
          hangedman_decor_growths, minmay_domino_2
D:2:      layout_basic, hellmonk_ecumenical_altar_pennies_from_heaven,
          chequers_serial_rivers_micro_c, kennysheep_nondescript, uniq_natasha
D:3:      layout_loops_ring, xom_teletrap_fun, okawaru_ov_weapons_minmay,
          bloody_makhleb, uniq_jessica
D:4:      layout_loops_cross, fedhas_ov_isle_minmay, uniq_grinder, uniq_menkaure
D:5:      layout_loops_ring, uniq_sigmund, uniq_prince_ribbit1

Skill      XL: |  1  2  3  4  5  6  7  8 |
---------------+-------------------------+-----
Fighting       | 3 4 |  4.2
Short Blades   | 3 4 5 6 |  6.1
Stealth        | 8 9 10 | 10.3
Hexes          | 1 3 4 5 6 |  6.2
Dodging        | 3 4 |  4.5
Invocations    | 1 |  1.9

Action                   |  1- 3 |  4- 6 |  7- 9 || total
-------------------------+-------+-------+-------++-------
Melee: Short sword       |    61 |       |       ||    61
       Bite              |     3 |    11 |    10 ||    24
       Dagger            |     7 |   102 |   105 ||   214
       Punch             |       |       |     2 ||     2
Throw: Dart              |     1 |     2 |       ||     3
 Abil: Exsanguinate      |     1 |       |       ||     1
       End Transformatio |       |     1 |       ||     1
       Bat Form          |       |     1 |       ||     1
  Use: Scroll            |       |     5 |     3 ||     8
       Potion            |       |     4 |     3 ||     7
 Stab: Sleeping          |    14 |    24 |     4 ||    42
       Distracted        |       |     3 |     1 ||     4
Armor: Leather armour    |     6 |    14 |    12 ||    32
Dodge: Dodged            |    25 |    42 |    41 ||   108

Table legend: (Time is in decaauts)
 A = Elapsed time spent in this place.
 B = Non-inter-level travel time spent in this place.
 C = Inter-level travel time spent in this place.
 D = Time resting spent in this place.
 E = Time spent auto-exploring this place.
 F = Levels seen in this place.
 G = Mean time per level.
                   A        B        C        D        E       F      G
               +--------+--------+--------+--------+--------+-----+--------+
         Total |   4055 |   3900 |    155 |    649 |   2252 |   5 |  811.0 |
       Dungeon |   4055 |   3900 |    155 |    649 |   2252 |   5 |  811.0 |
               +--------+--------+--------+--------+--------+-----+--------+

Top non-repeatable levels by time:
     D:3: 1122 daAuts
     D:4: 903 daAuts
     D:1: 784 daAuts
     D:2: 762 daAuts
     D:5: 482 daAuts
